AoeStats
← Hunter331885

Arena

509620230Analyzed
3v3 RM · 6d ago on Sep 27, 2026· 56m 57s· 6 players
Game mode
Random Map
Map size
Normal (6 player)
Population
200
Speed
Normal
Resources
Standard
Victory
Conquest
Starting age
Dark Age
Ending age
Imperial Age
RankedLock teamsTeams togetherTeam positionsShared explorationLock speedFull tech treeHidden civsTurbo modeCheats
Victory
Defeat
🇧🇩 Bohemians · Bangladesh
716
+15
🇧🇩 Magyars · Bangladesh
702
+16
🇧🇩 Romans · Bangladesh
698
+16
🇹🇷 Italians · Türkiye
705
-16
🇺🇸 Teutons · United States
699
-16
🇺🇸 Vietnamese · United States
677
-15
Hunter331885
11:56 Feudal Age
17:01 Forging
16:54 Scale Mail Armor
21:37 Castle Age
23:36 Squires
22:59 Man-at-Arms
25:16 Long Swordsman
25:44 Gambesons
25:46 Arson
26:45 Iron Casting
26:10 Gold Mining
30:30 Stone Mining
SexeS
11:14 Feudal Age
12:35 Double-Bit Axe
12:35 Horse Collar
19:10 Castle Age
17:16 Stone Mining
18:51 Gold Mining
23:38 Stone Shaft Mining
28:23 Bow Saw
28:37 Padded Archer Armor
28:28 Fletching
32:36 Silk Road
32:54 Caravan
36:22 Imperial Age
34:24 Ballistics
34:38 Heavy Plow
38:16 Conscription
37:18 Elite Genoese Crossbowman
38:08 Pirotechnia
38:16 Masonry
39:07 Chemistry
37:53 Arrowslits
38:04 Murder Holes
37:52 Treadmill Crane
38:11 Bodkin Arrow
39:14 Leather Archer Armor
40:41 Bracer
42:09 Ring Archer Armor
42:12 Architecture
41:34 Heated Shot
41:57 Fortified Wall
41:44 Guard Tower
45:15 Hoardings
47:51 Onager
Flan66X
11:40 Feudal Age
13:12 Double-Bit Axe
13:10 Horse Collar
15:35 Loom
18:26 Castle Age
22:52 Wheelbarrow
34:17 Bow Saw
36:08 Hand Cart
39:36 Husbandry
39:45 Fletching
39:56 Padded Archer Armor
40:12 Forging
40:46 Fletching
43:37 Bloodlines
48:36 Imperial Age
48:39 Elite Battle Elephant
49:27 Scale Barding Armor
49:58 Iron Casting
50:48 Chain Barding Armor
bk1400
8:17 Loom
11:34 Feudal Age
12:05 Double-Bit Axe
12:02 Horse Collar
16:14 Scale Barding Armor
21:12 Castle Age
20:34 Bloodlines
22:15 Husbandry
22:46 Chain Barding Armor
22:59 Bow Saw
23:35 Elite Skirmisher
24:14 Fletching
24:29 Gold Mining
24:30 Stone Mining
24:54 Heavy Plow
27:20 Corvinian Army
31:12 Gold Shaft Mining
36:22 Imperial Age
38:56 Plate Barding Armor
41:53 Elite Magyar Huszar
49:59 Two-Man Saw
Ashura
10:29 Feudal Age
12:57 Double-Bit Axe
13:06 Loom
15:52 Castle Age
17:40 Bow Saw
19:38 Fletching
21:23 Scale Mail Armor
28:03 Horse Collar
33:58 Imperial Age
34:16 Chemistry
33:39 Ballistics
34:14 Heavy Plow
34:32 Padded Archer Armor
35:53 Wheelbarrow
35:21 Town Watch
36:22 Murder Holes
37:17 Hand Cart
37:51 Conscription
38:58 Town Patrol
40:57 Two-Man Saw
41:38 Wagenburg Tactics
41:04 Sappers
41:50 Siege Engineers
41:58 Masonry
43:40 Leather Archer Armor
43:20 Bodkin Arrow
44:15 Houfnice
46:22 Ring Archer Armor
45:52 Bracer
47:14 Pikeman
47:54 Squires
47:40 Arson
48:13 Chain Mail Armor
48:08 Forging
49:21 Halberdier
57:57 Coinage
57:28 Caravan
ChotoPilot
6:10 Loom
10:48 Feudal Age
11:30 Double-Bit Axe
13:02 Horse Collar
16:09 Wheelbarrow
18:56 Castle Age
16:47 Man-at-Arms
18:37 Scale Mail Armor
20:01 Long Swordsman
22:42 Chain Mail Armor
26:46 Wheelbarrow
27:44 Bow Saw
30:04 Heavy Plow
31:51 Forging
36:30 Imperial Age
34:41 Iron Casting
36:47 Gold Mining
36:48 Stone Mining
36:48 Legionary
37:54 Heavy Scorpion
39:29 Hand Cart
42:52 Ballistics
43:33 Chemistry
42:32 Murder Holes
43:42 Blast Furnace
45:50 Conscription
45:42 Ballistas
45:56 Caravan
46:27 Coinage
46:09 Guilds
45:56 Elite Centurion
47:47 Scale Barding Armor
49:11 Chain Barding Armor
49:23 Bloodlines
50:18 Crop Rotation
50:01 Husbandry
53:32 Comitatenses
54:32 Gold Shaft Mining
56:20 Plate Barding Armor
Connection lost

Rejoining the realm…

Still unreachable

The connection could not be restored.

Session expired

The server has moved on; the page needs a fresh start.